 Dungeon Crawl Stone Soup version 0.28.0-45-g0d030f2227 (webtiles) character file.

Game seed: 12611550966907249950

424 Iusername the Covered (level 6, -1/55 HPs)
             Began as a Minotaur Fighter on Apr 7, 2022.
             Slain by a two-headed ogre
             ... wielding a +0 giant club
              (19 damage)
             ... on level 4 of the Dungeon.
             The game lasted 00:09:34 (3884 turns).

Iusername the Covered (Minotaur Fighter)            Turns: 3884, Time: 00:09:35

Health: -1/55      AC:  9    Str: 22    XL:     6   Next: 64%
Magic:  1/1        EV:  7    Int:  9    God:
Gold:   269        SH: 12    Dex: 10    Spells: 5/5 levels left

rFire   . . .      SeeInvis .   i - +2 long sword "Vesh" {antimagic, rPois rN+ Int+4}
rCold   . . .      Faith    +   g - +0 tower shield
rNeg    + . .      Spirit   .   j - +1 swamp dragon scales
rPois   +          Reflect  .   (helmet restricted)
rElec   .          Harm     .   (no cloak)
rCorr   .          Rampage  .   (no gloves)
Will    .....                   (no boots)
Stlth   +.........              m - amulet of faith
HPRegen 0.18/turn               (no ring)
MPRegen 0.07/turn               (no ring)

@: mighty
A: horns 2, retaliatory headbutt
a: no special abilities


You were on level 4 of the Dungeon.
You visited 1 branch of the dungeon, and saw 4 of its levels.

You collected 269 gold pieces.

Inventory:

Hand Weapons
 a - a +0 war axe
 h - a +2 hand axe of protection
 i - the +2 long sword "Vesh" (weapon) {antimagic, rPois rN+ Int+4}
   (You found it on level 4 of the Dungeon)

   It reduces the magical energy of the wielder, and disrupts the spells and
   magical abilities of those it strikes.
   Natural abilities and divine invocations are not affected.
   Int:       It affects your intelligence (+4).
   rPois:     It protects you from poison.
   rN:        It protects you from negative energy.
Missiles
 p - a throwing net (quivered)
Armour
 b - a +0 scale mail
 c - a +0 buckler
 g - a +0 tower shield (worn)
 j - +1 swamp dragon scales (worn)
Jewellery
 k - a ring of magical power
 m - an amulet of faith (around neck)
Scrolls
 f - a scroll of enchant armour
Potions
 d - 2 potions of might
 e - a potion of lignification {unknown}
 l - a potion of flight {unknown}
 n - 2 potions of heal wounds {unknown}
 o - 2 potions of attraction {unknown}
 q - a potion of curing {unknown}


   Skills:
 + Level 4.8 Fighting
 + Level 1.0 Long Blades
 + Level 4.3 Axes
 + Level 6.0 Armour
 + Level 1.2 Dodging
 + Level 0.3 Stealth
 + Level 5.3 Shields


You had 5 spell levels left.
You didn't know any spells.
Your spell library contained the following spells:

 Spells                   Type           Power      Damage    Failure   Level
 Magic Dart               Conj           0%         1d3       100%        1
 Call Imp                 Summ           0%         N/A       100%        2
 Mephitic Cloud           Conj/Pois/Air  0%         N/A       100%        3


Dungeon Overview and Level Annotations

Branches:
Dungeon (4/15)
 Temple: D:4-7

Altars:

Shops:
D:4 (


Innate Abilities, Weirdness & Mutations

You have a pair of horns on your head.
You reflexively headbutt those who attack you in melee.


Message History

Found a robe.
Sorry, I don't know how to get there.
Sorry, I don't know how to get there.
Sorry, I don't know how to get there.
Sorry, I don't know how to get there.
Sorry, I don't know how to get there.
An orc comes into view. It is wielding a +0 dagger.
The orc shouts!
You hit the orc.
The orc is moderately wounded.
The orc hits you with a +0 dagger.
You closely miss the orc. You headbutt the orc.
You kill the orc!
No target in view!
HP restored.
Things that are here:
a +0 dagger; an orc corpse
Found Deli's Antique Weapon Boutique.
q - a bubbling green potion An ufetubus comes into view.
The ufetubus moves out of view.
An ufetubus is nearby!
An ufetubus is nearby!
You slash the ufetubus!
You kill the ufetubus!
No target in view!
You now have 269 gold pieces (gained 2).
A two-headed ogre comes into view. It is wielding two +0 giant clubs.
The two-headed ogre shouts in stereo!
A two-headed ogre is nearby!
The two-headed ogre hits you with a +0 giant club! x2
You hit the two-headed ogre.
The two-headed ogre is lightly wounded.
The two-headed ogre hits you with a +0 giant club!
You block the two-headed ogre's attack.
You are too injured to fight recklessly!
You are too injured to fight recklessly!
You feel very mighty all of a sudden.
The two-headed ogre hits you with a +0 giant club!!
You die...

.............
###...#..........
#....##..####....
##....#..#.>......
##...#....#.#......
####......##..........
#........###.......##.
#.....∩....#.......##.
#..O@................
#.........##...........
#......#....#.##.......#
#..##..#......###.......
## #####...............
#....[...........
#................
##..............>
###..............


You could see a two-headed ogre.

Vanquished Creatures
  A scorpion (D:4)
  A hound (D:3)
  A jelly (D:4)
  An iguana (D:4)
  Natasha (thrice) (D:2)
  An orc wizard (D:2)
  A howler monkey zombie (D:3)
  4 gnolls (D:4)
  3 adders
  A river rat (D:3)
  2 ufetubi (D:4)
  4 worms
  A dart slug (D:4)
  5 orcs
  A bat (D:2)
  3 endoplasms
  7 giant cockroaches
  2 goblins
  2 hobgoblins
  8 jackals
  3 kobolds
  3 quokkas
  5 ball pythons
  3 frilled lizards
  4 rats
70 creatures vanquished.

Vanquished Creatures (others)
  36 plants (D:2)
36 creatures vanquished.

Grand Total: 106 creatures vanquished

Notes
Turn   | Place    | Note
-------+----------+-------------------------------------------
     0 | D:1      | Iusername the Minotaur Fighter began the quest for the Orb.
     0 | D:1      | Reached XP level 1. HP: 19/19 MP: 0/0
   293 | D:1      | Reached XP level 2. HP: 27/27 MP: 1/1
   487 | D:1      | Reached skill level 4 in Armour
   823 | D:2      | Noticed Natasha
   833 | D:2      | Killed Natasha
   834 | D:2      | Reached XP level 3. HP: 25/33 MP: 2/2
   968 | D:2      | Noticed Natasha
   977 | D:2      | Killed Natasha
   978 | D:2      | Reached XP level 4. HP: 34/41 MP: 3/3
  1034 | D:2      | Reached skill level 5 in Armour
  1091 | D:2      | Noticed Natasha
  1099 | D:2      | Killed Natasha
  1753 | D:2      | Reached XP level 5. HP: 47/47 MP: 4/4
  3381 | D:4      | Identified the +2 long sword "Vesh" {antimagic, rPois rN+
                  | Int+4}
  3411 | D:4      | Reached skill level 6 in Armour
  3419 | D:4      | Reached XP level 6. HP: 27/53 MP: 1/5
  3448 | D:4      | Reached skill level 1 in Dodging
  3448 | D:4      | Reached skill level 5 in Shields
  3515 | D:4      | Reached skill level 1 in Long Blades
  3863 | D:4      | Found Deli's Antique Weapon Boutique.
  3879 | D:4      | Noticed a two-headed ogre
  3884 | D:4      | Slain by a two-headed ogre

Illustrated notes

Levels and vault maps discovered:
D:1:      lightli_arrival_isolated_outpost, layout_loops_ring
D:2:      layout_basic, kennysheep_boxes, uniq_natasha
D:3:      layout_loops_cross, gup_sewer_entry_bubbles, grunt_ministairs_9
D:4:      layout_cave_pools, minmay_temple_entry_from_below_a, serial_shops,
          shop, due_unseen_surprise

Skill      XL: |  1  2  3  4  5  6 |
---------------+-------------------+-----
Shields        | 4 5 |  5.3
Armour         | 4 5 6 |  6.0
Axes           | 3 4 |  4.3
Fighting       | 4 |  4.8
Dodging        | 1 |  1.2
Long Blades    | 1 |  1.0
Stealth        | |  0.3

Action                   |  1- 3 |  4- 6 || total
-------------------------+-------+-------++-------
Melee: Hand axe          |    39 |    92 ||   131
       War axe           |     4 |       ||     4
       Headbutt          |     4 |    24 ||    28
       Long sword        |       |    32 ||    32
  Use: Scroll            |       |     5 ||     5
       Potion            |       |     1 ||     1
Armor: Scale mail        |    15 |     5 ||    20
       Swamp dragon scal |       |    52 ||    52
Dodge: Dodged            |    15 |    38 ||    53
Block: Buckler           |     7 |    11 ||    18
       Tower shield      |       |    47 ||    47
